 Dungeon Crawl Stone Soup version 0.32-a0-163-g159c032296 (webtiles) character file.

Game seed: 4069813205646806393

637 Pooter the Chopper (level 7, -6/61 HPs)
             Began as a Minotaur Berserker on Feb 11, 2024.
             Was a Believer of Trog.
             Mangled by an ogre
             ... wielding a +0 giant spiked club
              (18 damage)
             ... on level 4 of the Dungeon.
             The game lasted 00:09:07 (2342 turns).

Pooter the Chopper (Minotaur Berserker)             Turns: 2342, Time: 00:09:07

Health: -6/61      AC:  5    Str: 23    XL:     7   Next: 25%
Magic:  6/6        EV: 11    Int:  4    God:    Trog [**....]
Gold:   167        SH:  0    Dex: 16    Spells: 6/6 levels left

rFire   . . .        a - +0 war axe
rCold   . . .        (no shield)
rNeg    . . .        h - +0 ring mail
rPois   .            (helmet restricted)
rElec   .            i - scarf {harm}
rCorr   .            (no gloves)
SInv    .            (no boots)
Will    .....        (no amulet)
Stlth   ++           d - +6 ring of dexterity
HPRegen 0.30/turn    (no ring)
MPRegen 0.10/turn

%: harm (+30% outgoing, +20% incoming)
@: on berserk cooldown, slowed, very slow
A: horns 2, retaliatory headbutt
a: Renounce Religion, Berserk, Trog's Hand


You were on level 4 of the Dungeon.
You worshipped Trog.
Trog was pleased with you.
You visited 1 branch of the dungeon, and saw 4 of its levels.

You collected 167 gold pieces.

Inventory:

Hand Weapons
 a - a +0 war axe (weapon)
   (You found it on level 2 of the Dungeon)
 k - a +2 whip of draining
   (You took it off an orc on level 3 of the Dungeon)
Missiles
 Q - 14 stones (quivered)
Armour
 e - a +0 cloak
   (You found it on level 2 of the Dungeon)
 h - a +0 ring mail (worn)
   (You found it on level 2 of the Dungeon)
 i - a scarf of harm (worn)
   (You found it on level 2 of the Dungeon)
Jewellery
 d - a +6 ring of dexterity (left hand)
   (You found it on level 1 of the Dungeon)
Scrolls
 b - 2 scrolls of blinking
 f - a scroll of fog {unknown}
 g - a scroll of revelation {unknown}
 j - a scroll of silence
 t - 3 scrolls of teleportation {@r4}
Potions
 c - a potion of enlightenment {unknown}


   Skills:
 + Level 5.2 Fighting
 * Level 6.6 Axes
 + Level 2.9 Throwing
 - Level 2.4 Armour
 - Level 2.1 Dodging
 + Level 2.6 Stealth
 + Level 2.6 Evocations


You had 6 spell levels left.
You didn't know any spells.
Your spell library was empty.

Dungeon Overview and Level Annotations

Branches:
Dungeon (4/15) Zot: 21613
 Temple: D:4-7

Altars:

Annotations:
D:3 1 runed translucent door, Crazy Yiuf


Innate Abilities, Weirdness & Mutations

You have a pair of horns on your head.
You reflexively headbutt those who attack you in melee.


Message History

You slash the endoplasm!
You kill the endoplasm!
Trog accepts your kill.
No target in view!
You now have 167 gold pieces (gained 16).
Pikel, Merchant of Souls comes into view.
He is wielding a +0 whip of freezing.
Found 13 gold pieces.
A red film seems to cover your vision as you go berserk!
You feel yourself moving faster!
You feel mighty!
Pikel hits you with a +0 whip of freezing.
Pikel freezes you.
You barely miss Pikel. You headbutt Pikel! Pikel misses you.
You slice Pikel!!
You hear a shout! x3
You slash Pikel!
You kill Pikel!
Trog accepts your kill.
Your Fighting skill increases to level 5!
Your Axes skill increases to level 6!
Your Throwing skill increases to level 2!
Your Stealth skill increases to level 2!
Your Evocations skill increases to level 2!
You have reached level 6!
You have reached level 7!
You start resting.
You feel a strong urge to attack something.
You start resting.
You feel your anger nearly subside.
You are no longer berserk.
You are exhausted.
You feel yourself slow down.
An ogre comes into view. It is wielding a +0 giant spiked club.
Found 15 gold pieces.
Things that are here:
a +0 whip of freezing; a +0 robe; the kobold corpse of Pikel You hit the ogre but do no damage.
The ogre hits you with a +0 giant spiked club!!
* * * LOW HITPOINT WARNING * * *
A kobold comes into view. It is wielding a +0 short sword.
The kobold shouts!
You are too injured to fight recklessly!
You are too injured to fight recklessly!
You barely miss the ogre. Your headbutt misses the ogre. The ogre misses you.
You furiously retaliate!
You headbutt the ogre. The ogre misses you. You furiously retaliate!
You headbutt the ogre. You hit the ogre.
The ogre hits you with a +0 giant spiked club!
* * * LOW HITPOINT WARNING * * *
You barely miss the ogre. You headbutt the ogre.
The ogre hits you with a +0 giant spiked club!
You die...

### # #.. .# ##.###.###
#........# ####
#........####....
.#.###................
......O...............+
#@##............#
#...............
#...$###..#.......#
#....#............#
#...$#.#..##......#
####.#.#####......# #.#
#......# #.
#.###>.....#
#..........#


You could see an ogre.

Vanquished Creatures
  Pikel (D:4)
  10 adders
  3 ribbon worms
  An orc (D:3)
  3 bats
  9 endoplasms
  2 giant cockroaches
  7 goblins
  4 hobgoblins
  3 jackals (D:3)
  A kobold (D:1)
  4 quokkas
  3 ball pythons
  3 frilled lizards
  5 rats
59 creatures vanquished.

Notes
Turn   | Place    | Note
-------+----------+-------------------------------------------
     0 | D:1      | Pooter the Minotaur Berserker began the quest for the Orb.
     0 | D:1      | Reached XP level 1. HP: 19/19 MP: 0/0
   231 | D:1      | Reached XP level 2. HP: 27/27 MP: 1/1
   304 | D:1      | Found a faded altar of an unknown god.
   454 | D:1      | Reached skill level 4 in Axes
   714 | D:2      | Reached XP level 3. HP: 8/33 MP: 2/2
   715 | D:2      | Reached skill level 1 in Throwing
  1143 | D:2      | Reached skill level 1 in Stealth
  1159 | D:2      | Reached skill level 1 in Evocations
  1268 | D:2      | Reached XP level 4. HP: 39/40 MP: 3/3
  1272 | D:2      | Reached ** piety under Trog
  2014 | D:3      | Reached skill level 5 in Axes
  2014 | D:3      | Reached XP level 5. HP: 46/46 MP: 4/4
  2225 | D:3      | Found a runed translucent door.
  2226 | D:3      | Noticed Crazy Yiuf
  2325 | D:4      | Noticed Pikel
  2333 | D:4      | Killed Pikel
  2334 | D:4      | Reached skill level 5 in Fighting
  2334 | D:4      | Reached skill level 6 in Axes
  2334 | D:4      | Reached XP level 6. HP: 56/56 MP: 5/5
  2334 | D:4      | Reached XP level 7. HP: 61/61 MP: 6/6
  2342 | D:4      | Mangled by an ogre

Illustrated notes

Levels and vault maps discovered:
D:1:      dpeg_arrival_fog, layout_loops_cross,
          hellmonk_ecumenical_altar_crossroads
D:2:      layout_rooms, amcnicky_mini_corridor_feature, fountainhead
D:3:      layout_rooms, uniq_crazy_yiuf_cottage
D:4:      layout_basic, minmay_temple_entry_from_below_a, uniq_pikel,
          uniq_natasha

Skill      XL: |  1  2  3  4  5 |
---------------+----------------+-----
Axes           | 4 5 6 |  6.6
Throwing       | 1 2 |  2.9
Stealth        | 1 2 |  2.6
Fighting       | 4 5 |  5.2
Evocations     | 1 2 |  2.6
Armour         | |  2.4
Dodging        | |  2.1

Action                     |  1- 3 |  4- 6 |  7- 9 || total
---------------------------+-------+-------+-------++-------
  Melee: Hand axe          |    26 |       |       ||    26
         War axe           |    23 |    58 |     4 ||    85
         Headbutt          |     7 |     5 |     1 ||    13
         Punch             |     1 |       |       ||     1
  Throw: Stone             |     3 |    12 |       ||    15
 Invoke: Berserk           |     2 |     2 |       ||     4
    Use: Scroll            |       |     3 |       ||     3
   Stab: Sleeping          |     1 |       |       ||     1
         Distracted        |     1 |       |       ||     1
 Armour: Animal skin       |    22 |       |       ||    22
         Ring mail         |     7 |    39 |     3 ||    49
  Dodge: Dodged            |    25 |    28 |     2 ||    55

Table legend: (Time is in decaauts)
 A = Elapsed time spent in this place.
 B = Non-inter-level travel time spent in this place.
 C = Inter-level travel time spent in this place.
 D = Time resting spent in this place.
 E = Time spent auto-exploring this place.
 F = Levels seen in this place.
 G = Mean time per level.
                   A        B        C        D        E       F      G
               +--------+--------+--------+--------+--------+-----+--------+
         Total |   2384 |   2307 |     77 |    447 |   1396 |   4 |  596.0 |
       Dungeon |   2384 |   2307 |     77 |    447 |   1396 |   4 |  596.0 |
               +--------+--------+--------+--------+--------+-----+--------+

Top non-repeatable levels by time:
     D:1: 994 daAuts
     D:3: 701 daAuts
     D:2: 641 daAuts
     D:4: 47 daAuts
